 Dungeon Crawl Stone Soup version 0.20-a0-4-gd166d5d (console) character file.

59711 brucemayne the Executioner (level 14, -2/174 HPs)
             Began as a Hill Orc Monk on Oct 31, 2016.
             Was an Elder of Trog.
             Slain by a bone dragon (12 damage)
             ... on level 4 of the Swamp.
             The game lasted 00:53:15 (8639 turns).

brucemayne the Executioner (Hill Orc Monk)          Turns: 8639, Time: 00:53:16

Health: -2/174     AC: 18    Str: 24    XL:     14   Next: 96%
Magic:  12/12      EV: 21    Int: 10    God:    Trog [****..]
Gold:   626        SH:  0    Dex: 16    Spells: 0 memorised, 13 levels left

rFire  . . .     SeeInvis .     U - +7 battleaxe
rCold  . . .     Gourm    .     a - +0 swamp dragon scales
rNeg   . . .     Faith    .     (shield currently unavailable)
rPois  +         Spirit   .     (no helmet)
rElec  .         Reflect  .     s - +1 cloak {MR+}
rCorr  .         Harm     .     I - +0 pair of gloves
MR     +++..     Rnd*Tele +     i - +0 pair of boots (curse)
Stlth  ..........               w - amulet of regeneration
                                B - ring of protection from magic
                                r - ring of flight

@: mighty, agile, berserking, very slightly contaminated, drained, very quick
A: yellow scales 1, clumsy 1, frail 1, low mp 1, shaggy fur 1, teleportitis 1,
subdued magic 1
a: Berserk, Trog's Hand, Brothers in Arms, Burn Spellbooks, Renounce Religion,
Evoke Flight


You were on level 4 of the Swamp.
You worshipped Trog.
Trog was greatly pleased with you.
You were very hungry.

You visited 5 branches of the dungeon, and saw 25 of its levels.

You collected 1234 gold pieces.
You spent 608 gold pieces at shops.

Inventory:

Hand Weapons
 b - a +5 antimagic battleaxe
 A - a +6 dire flail of protection
 H - the +3 broad axe of the Nexus {drain, rN++ MP+9 Str-2 SInv}
   (You bought it in a shop on level 8 of the Dungeon)

   A truly terrible weapon, it drains the life of those it strikes.
   It affects your strength (-2).
   It greatly protects you from negative energy.
   It affects your magic capacity (+9).
   It lets you see invisible.
 U - a +7 battleaxe (weapon)
Missiles
 u - 19 poisoned needles
 z - 5 throwing nets (quivered)
 W - 6 curare-tipped needles
Armour
 a - +0 swamp dragon scales (worn)
 i - a cursed +0 pair of boots (worn)
 s - a +1 cloak of magic resistance (worn)
 F - the +3 ring mail "Redweolo" {rPois rF- Dex+3 Slay+2}
   (You found it on level 5 of the Lair of Beasts)

   It affects your dexterity (+3).
   It affects your accuracy and damage with ranged weapons and melee attacks
   (+2).
   It makes you vulnerable to fire.
   It protects you from poison.
 I - a +0 pair of gloves (worn)
 M - a +1 plate armour
Jewellery
 r - a ring of flight (left hand)
 w - an amulet of regeneration (around neck)
 B - a ring of protection from magic (right hand)
 P - an uncursed amulet of guardian spirit
Wands
 g - a wand of iceblast (9/15)
 j - a wand of polymorph (6/24)
 D - a wand of iceblast (4/15)
 N - a wand of lightning (3/15)
 O - a wand of iceblast (3/15)
 V - a wand of heal wounds (0/9)
 Y - a wand of lightning (6/15)
Scrolls
 k - 2 scrolls of remove curse
 l - a scroll of enchant weapon
 m - 4 scrolls of enchant armour
 p - a scroll of fear
 t - 2 scrolls of immolation
 C - 2 scrolls of recharging
 G - a scroll of silence {unknown}
 L - a scroll of fog
Potions
 c - a potion of berserk rage
 e - a potion of ambrosia
 f - 2 potions of might
 n - 2 potions of lignification
Books
 h - a book of Cantrips

   Spells                             Type                      Level
   a - Confusing Touch                Hexes                        1
   b - Animate Skeleton               Necromancy                   1
   c - Summon Small Mammal            Summoning                    1
   d - Apportation                    Translocation                1
   Trog disapproves of the use of such an item.
 q - a book of Flames

   Spells                             Type                      Level
   a - Flame Tongue                   Conjuration/Fire             1
   b - Throw Flame                    Conjuration/Fire             2
   c - Conjure Flame                  Conjuration/Fire             3
   d - Inner Flame                    Hexes/Fire                   3
   e - Sticky Flame                   Conjuration/Fire             4
   f - Fireball                       Conjuration/Fire             5
   Trog disapproves of the use of such an item.
 E - a book of Debilitation

   Spells                             Type                      Level
   a - Corona                         Hexes                        1
   b - Slow                           Hexes                        2
   c - Gell's Gravitas                Hexes/Translocation          3
   d - Inner Flame                    Hexes/Fire                   3
   e - Cause Fear                     Hexes                        4
   f - Leda's Liquefaction            Hexes/Earth                  4
   Trog disapproves of the use of such an item.
 R - a book of Death

   Spells                             Type                      Level
   a - Corpse Rot                     Necromancy                   2
   b - Sublimation of Blood           Necromancy                   2
   c - Agony                          Necromancy                   5
   d - Dispel Undead                  Necromancy                   5
   e - Excruciating Wounds            Charms/Necromancy            5
   f - Bolt of Draining               Conjuration/Necromancy       5
   Trog disapproves of the use of such an item.
Miscellaneous
 Q - a fan of gales
Comestibles
 d - 3 meat rations
 v - a bread ration
 J - 7 fruits
 T - 15 beef jerkies


   Skills:
 - Level 13.6(13.1) Fighting
 + Level 22.5(22.0) Axes
 - Level 10.6(10.2) Armour
 - Level 8.1(7.7) Dodging
 - Level 1.5(1.2) Stealth


You had 13 spell levels left.
You didn't know any spells.

Dungeon Overview and Level Annotations

Branches:
Dungeon (12/15)            Temple (1/1) D:4            Lair (6/6) D:10
  Swamp (4/4) Lair:2        Snake (0/4) Lair:3        Slime (0/5) Lair:6
    Orc (2/2) D:11            Elf (0/3) Orc:2

Altars:
Ashenzari
Cheibriados
Dithmenos
Elyvilon
Fedhas
Gozag
Hepliaklqana
Kikubaaqudgha
Makhleb
Nemelex Xobeh
Okawaru
Qazlal
Ru
Sif Muna
Trog
Vehumet
Xom
Yredelemnul
The Shining One
Beogh
Jiyva

Shops:
D:8 (   D:11 [   Orc:2 [(?**


Innate Abilities, Weirdness & Mutations

You are partially covered in yellow scales. (AC +2)
You are clumsy. (Dex -2)
You are frail. (-10% HP)
Your magical capacity is low. (-10% MP)
You are covered in fur. (AC +1)
You are occasionally teleported next to monsters.
Your spells are a little easier to cast, but a little less powerful.


Message History

The bone dragon closely misses you. The bone dragon claws you.
* * * LOW HITPOINT WARNING * * *
The bone dragon tramples you!
* * * LOW HITPOINT WARNING * * *
You stumble backwards!
The thorn hunter gestures.
Thorny briars emerge from the ground!
You hit the bone dragon but do no damage.
The bone dragon is heavily damaged.
Your black bear bites the bone dragon but does no damage.
Your black bear claws the bone dragon.
Your black bear claws the bone dragon but does no damage.
Unknown command.
Unknown command.
You slice the bone dragon!!
The bone dragon is severely damaged.
The thorn hunter hits your black bear.
The thorn hunter misses your black bear.
The bone dragon bites you!
You die...

...♣♣ ♣..≈≈≈..###
≈≈..≈ ♣♣..≈≈####
≈≈≈≈.♣♣♣≈.≈≈≈#
≈≈≈.......≈≈#♣♣♣ .
♣≈......≈≈†.≈♣♣
.≈♣≈..≈..≈≈≈..≈≈♣♣♣
♣.≈≈...f≈≈≈..≈≈≈P♣
♣.≈≈..Dh≈.≈.≈≈≈≈P♣
♣.≈≈.≈@≈....≈≈≈≈P♣
♣≈♣♣♣.≈≈≈≈≈≈≈≈.≈♣♣
♣≈≈.≈≈≈...≈.≈≈≈.♣♣
♣♣♣≈≈≈.♣♣♣≈≈≈≈≈P♣♣♣
♣♣♣PP♣ ♣♣.§≈≈PP.♣


♣PPP♣ ♣♣♣≈.≈PP.♣ ♣♣PP. ♣.†..≈PP♣♣ ♣≈≈. ♣♣≈≈...♣♣ .≈≈≈♣ ♣≈≈≈♣♣♣ You could see a
bone dragon, a thorn hunter and a friendly black bear (berserk).

Vanquished Creatures
  Fannar (Lair:3)
  Erolcha (D:10)
  5 hydras
  2 ghost crabs (Swamp:4)
  An alligator (Swamp:1)
  8 orc high priests (Orc:2)
  An unseen horror (D:10)
  2 swamp dragons
  2 spectral hydras (Swamp:4)
  A hill giant (D:12)
  An ugly thing (D:11)
  2 orc sorcerers (Orc:2)
  2 guardian serpents (D:10)
  Maurice (Orc:2)
  6 black mambas
  9 elephants (Lair:6)
  2 centaur skeletons
  8 spiny frogs
  2 rime drakes
  6 swamp worm zombies (Swamp:4)
  4 komodo dragons
  3 tyrant leeches
  2 hydra zombies (Swamp:4)
  11 polar bears
  4 trolls
  17 blink frogs
  5 hippogriffs
  3 raiju (Lair:6)
  A slime creature (D:11)
  4 bog bodies
  7 dream sheep (Lair:6)
  Sigmund (D:5)
  An alligator zombie (Swamp:4)
  20 yaks
  2 spriggans (Lair:4)
  4 wyverns
  A water elemental (D:11)
  A basilisk (Lair:5)
  2 vampire mosquitoes (Swamp:4)
  6 swamp worms
  Edmund (D:6)
  14 wargs
  10 insubstantial wisps
  16 water moccasins
  5 hell hounds (Lair:6)
  7 orc warriors
  7 porcupines
  2 phantoms (Swamp:4)
  2 sky beasts
  2 ice beasts
  14 black bears
  2 eyes of draining
  2 swamp dragon zombies (Swamp:4)
  22 wolves
  6 ogres
  5 centaurs (D:10)
  6 crocodiles
  A big kobold (D:9)
  Blork the orc (D:6)
  9 bullfrogs
  A wyvern zombie (D:11)
  A water moccasin zombie (D:5)
  3 scorpions
  5 killer bees (D:10)
  5 howler monkeys
  7 crimson imps
  2 bullfrog zombies
  2 bullfrog skeletons
  A quasit (D:10)
  2 jellies
  11 orc wizards
  27 orc priests
  Crazy Yiuf (D:6)
  14 hounds (Lair:6)
  3 iguanas
  A spectral swamp drake (Swamp:4)
  5 worker ants
  2 hound skeletons (D:4)
  2 worker ant zombies
  4 gnolls (Orc:2)
  A howler monkey zombie (D:6)
  8 adders
  2 swamp drake zombies (Swamp:4)
  2 shadow imps
  An adder skeleton (D:9)
  An adder zombie (D:8)
  9 worms
  The ghost of brucemayne the Chopper, a weakling HOMo (D:4)
  3 dart slugs
  A leopard gecko (D:10)
  51 orcs
  2 ball pythons
  2 giant cockroaches
  5 goblins
  7 hobgoblins
  6 jackals
  7 kobolds
  3 quokkas
  2 bats
  A leopard gecko skeleton (D:5)
  A quokka zombie (D:9)
  4 rats
  A briar patch (Swamp:4)
  4 fungi
  7 plants
527 creatures vanquished.

Vanquished Creatures (collateral kills)
  A hornet (Swamp:4)
  A gnoll sergeant (Orc:2)
  An orc priest (Orc:2)
  A worm (Lair:6)
  2 orcs (Orc:2)
6 creatures vanquished.

Vanquished Creatures (others)
  A hydra zombie (Swamp:4)
  A vampire mosquito (Swamp:4)
  A swamp drake (Swamp:2)
  4 fungi (Lair:6)
  8 plants (Lair:6)
15 creatures vanquished.

Grand Total: 548 creatures vanquished

Notes
Turn   | Place    | Note
-------+----------+-------------------------------------------
     0 | D:1      | brucemayne the Hill Orc Monk began the quest for the Orb.
     0 | D:1      | Reached XP level 1. HP: 19/19 MP: 1/1
    88 | D:1      | Reached XP level 2. HP: 23/26 MP: 2/2
   143 | D:1      | Reached skill level 5 in Axes
   179 | D:2      | Reached XP level 3. HP: 20/31 MP: 3/3
   460 | D:2      | Found a stormy altar of Qazlal.
   539 | D:3      | Found a bloodstained altar of Trog.
   544 | D:3      | Became a worshipper of Trog the Wrathful
   544 | D:3      | Reached * piety under Trog
   544 | D:3      | Reached ** piety under Trog
   713 | D:4      | Noticed a sky beast
   730 | D:4      | Killed a sky beast
   730 | D:4      | Reached skill level 7 in Axes
   730 | D:4      | Reached XP level 4. HP: 25/39 MP: 4/4
   730 | D:4      | Reached XP level 5. HP: 29/45 MP: 5/5
   792 | D:5      | Entered Level 5 of the Dungeon
   807 | D:5      | Reached skill level 8 in Axes
   894 | D:4      | Noticed an ogre
   901 | D:4      | Killed an ogre
   901 | D:4      | Reached XP level 6. HP: 38/51 MP: 6/6
   929 | D:4      | Found a staircase to the Ecumenical Temple.
   934 | D:4      | Noticed brucemayne's ghost (weakling HOMo)
   943 | D:4      | Killed brucemayne's ghost
   943 | D:4      | Reached skill level 9 in Axes
   950 | Temple   | Entered the Ecumenical Temple
  1166 | D:4      | Found a shadowy altar of Dithmenos.
  1306 | D:5      | Noticed Sigmund
  1320 | D:5      | Killed Sigmund
  1320 | D:5      | Reached skill level 10 in Axes
  1320 | D:5      | Reached XP level 7. HP: 57/57 MP: 7/7
  1421 | D:6      | Found a white marble altar of Elyvilon.
  1422 | D:6      | Found a hazy altar of Hepliaklqana.
  1467 | D:6      | Noticed Blork the orc
  1473 | D:6      | Killed Blork the orc
  1473 | D:6      | Reached skill level 11 in Axes
  1553 | D:6      | Noticed Edmund
  1576 | D:6      | Killed Edmund
  1576 | D:6      | Reached XP level 8. HP: 64/64 MP: 8/8
  1887 | D:6      | Found a runed door.
  1889 | D:6      | You fall through a shaft for 2 floors!
  1910 | D:8      | Found Ecruylich's Antique Weapon Boutique.
  1932 | D:8      | Bought a scorched broad axe for 189 gold pieces
  1932 | D:8      | Identified the +3 broad axe of the Nexus {drain, rN++ MP+9 Str-2 SInv} (You bought it in a shop on level 8 of the Dungeon)
  2112 | D:7      | Reached skill level 5 in Fighting
  2112 | D:7      | Reached skill level 12 in Axes
  2168 | D:7      | Gained mutation: You are weak. (Str -2) [mutagenic meat]
  2169 | D:7      | Gained mutation: You are clumsy. (Dex -2) [mutagenic meat]
  2170 | D:7      | Gained mutation: You are dopey. (Int -2) [mutagenic meat]
  2171 | D:7      | Gained mutation: You are partially covered in yellow scales. (AC +2) [mutagenic meat]
  2173 | D:7      | Gained mutation: You are frail. (-10% HP) [mutagenic meat]
  2237 | D:6      | Noticed Crazy Yiuf
  2243 | D:6      | Killed Crazy Yiuf
  2285 | D:6      | Reached XP level 9. HP: 68/70 MP: 9/9
  2300 | D:7      | Lost mutation: You are weak. (Str -2) [potion of mutation]
  2300 | D:7      | Gained mutation: You are covered in fur. (AC +1) [potion of mutation]
  2300 | D:7      | Lost mutation: You are dopey. (Int -2) [potion of mutation]
  2393 | D:6      | Reached skill level 13 in Axes
  2466 | D:7      | Found a shimmering altar of Xom.
  2582 | D:9      | Reached *** piety under Trog
  2654 | D:9      | Reached skill level 14 in Axes
  2687 | D:10     | Entered Level 10 of the Dungeon
  2795 | D:10     | Found a staircase to the Lair.
  2796 | D:10     | Noticed a komodo dragon
  2812 | D:10     | Killed a komodo dragon
  2898 | D:10     | Reached skill level 15 in Axes
  2931 | D:10     | Reached XP level 10. HP: 40/79 MP: 10/10
  2990 | D:10     | Noticed a guardian serpent
  3003 | D:10     | Killed a guardian serpent
  3003 | D:10     | Reached skill level 16 in Axes
  3140 | D:10     | Noticed Erolcha
  3149 | D:10     | Killed Erolcha
  3317 | D:9      | Received a gift from Trog
  3414 | D:10     | Noticed a guardian serpent
  3421 | D:10     | Killed a guardian serpent
  3421 | D:10     | Reached skill level 17 in Axes
  3429 | D:10     | Gained mutation: Your magical capacity is low. (-10% MP) [mutagenic meat]
  3432 | D:10     | Gained mutation: You are occasionally teleported next to monsters. [mutagenic meat]
  3433 | D:10     | Gained mutation: Your spells are a little easier to cast, but a little less powerful. [mutagenic meat]
  3664 | D:11     | Found Gyipyrch's Armour Shoppe.
  3680 | D:11     | Noticed a white ugly thing
  3692 | D:11     | Killed a white ugly thing
  3692 | D:11     | Reached skill level 5 in Armour
  3721 | D:11     | Reached XP level 11. HP: 79/84 MP: 9/9
  3774 | D:12     | Noticed a hill giant
  3780 | D:12     | Killed a hill giant
  3780 | D:12     | Reached skill level 18 in Axes
  3830 | D:11     | Got a polished scale mail
  3841 | D:11     | Identified the cursed +0 scale mail "Yjaarchoa" {+Fly Int+4} (You found it on level 11 of the Dungeon)
  3899 | D:11     | Found a staircase to the Orcish Mines.
  3929 | Orc:1    | Entered Level 1 of the Orcish Mines
  3939 | Orc:1    | Reached **** piety under Trog
  3994 | Orc:2    | Entered Level 2 of the Orcish Mines
  4089 | Orc:2    | Noticed an orc high priest
  4091 | Orc:2    | Noticed an orc high priest
  4095 | Orc:2    | Noticed a sun demon
  4095 | Orc:2    | Killed an orc high priest
  4105 | Orc:2    | Reached skill level 19 in Axes
  4110 | Orc:2    | Noticed an orc high priest
  4111 | Orc:2    | Killed an orc high priest
  4113 | Orc:2    | Noticed an orc sorcerer
  4116 | Orc:2    | Noticed an orc high priest
  4117 | Orc:2    | Noticed an orc high priest
  4124 | Orc:2    | Noticed an orc high priest
  4128 | Orc:2    | Killed an orc high priest
  4128 | Orc:2    | Killed an orc high priest
  4265 | Orc:2    | Killed an orc sorcerer
  4265 | Orc:2    | Reached skill level 20 in Axes
  4318 | Orc:2    | Noticed an orc sorcerer
  4347 | Orc:2    | Noticed Maurice
  4375 | Orc:2    | Killed Maurice
  4410 | Orc:2    | Reached XP level 12. HP: 57/92 MP: 5/10
  4419 | Orc:2    | Killed an orc high priest
  4430 | Orc:2    | Noticed a soul eater
  4442 | Orc:2    | Found a staircase to the Elven Halls.
  4448 | Orc:2    | Killed an orc high priest
  4523 | Orc:2    | Noticed an orc high priest
  4529 | Orc:2    | Noticed an orc high priest
  4536 | Orc:2    | Killed an orc high priest
  4538 | Orc:2    | Found Xahainycs's General Store.
  4538 | Orc:2    | Found Fitaamam's Assorted Antiques.
  4548 | Orc:2    | Noticed a sun demon
  4549 | Orc:2    | Noticed a soul eater
  4559 | Orc:2    | Killed an orc high priest
  4585 | Orc:2    | Found Syipeci's Antique Armour Emporium.
  4643 | Orc:2    | Reached skill level 10 in Fighting
  4657 | Orc:2    | Found Feuwawn's Weapon Emporium.
  4657 | Orc:2    | Found Raodum's Magic Scroll Shop.
  4671 | Orc:2    | Bought a scroll of fear for 52 gold pieces
  4690 | Orc:2    | Found a roughly hewn altar of Beogh.
  4761 | Orc:2    | Bought a pair of runed boots for 367 gold pieces
  5007 | Lair:1   | Entered Level 1 of the Lair of Beasts
  5195 | Lair:2   | Noticed a five-headed hydra
  5226 | Lair:2   | Found a staircase to the Swamp.
  5316 | Lair:1   | Reached skill level 5 in Dodging
  5516 | Lair:3   | Noticed Fannar
  5529 | Lair:3   | Killed Fannar
  5529 | Lair:3   | Reached XP level 13. HP: 82/102 MP: 9/11
  5702 | Lair:5   | Reached ***** piety under Trog
  5769 | Lair:6   | Entered Level 6 of the Lair of Beasts
  5950 | Lair:6   | Found a viscous altar of Jiyva.
  5950 | Lair:6   | Found a staircase to the Slime Pits.
  6355 | Lair:6   | Reached skill level 10 in Armour
  6359 | Lair:6   | Received a gift from Trog
  6555 | Lair:6   | Reached XP level 14. HP: 114/114 MP: 9/12
  6875 | Lair:5   | Got a turquoise-encrusted ring mail
  6893 | Lair:5   | Identified the +3 ring mail "Redweolo" {rPois rF- Dex+3 Slay+2} (You found it on level 5 of the Lair of Beasts)
  7161 | Lair:4   | Received a gift from Trog
  7485 | Lair:3   | Found a staircase to the Snake Pit.
  7512 | Lair:3   | Reached skill level 21 in Axes
  7760 | Swamp:1  | Entered Level 1 of the Swamp
  8115 | Swamp:4  | Entered Level 4 of the Swamp
  8362 | Swamp:4  | Reached skill level 22 in Axes
  8605 | Swamp:4  | Noticed a bone dragon
  8609 | Swamp:4  | Noticed a thorn hunter
  8631 | Swamp:4  | Paralysed by a hornet for 1 turns
  8639 | Swamp:4  | Slain by a bone dragon

Vault maps used:
D:1:      dpeg_arrival_short_road, minmay_misc_feat_room
D:2:      nicolae_qazlal_eye_of_the_storm, kennysheep_generic_room_9
D:3:      lightli_temple_of_fire
D:4:      first_bread, kennysheep_nondescript, nicolae_dithmenos_the_darkroom
D:5:      uniq_sigmund
D:6:      chequers_temple_overflow_statue_of_worship, uniq_pikel,
          uniq_crazy_yiuf_cottage, uniq_edmund, uniq_blork_the_orc
D:7:      zin_angel, basic_altar, the_bakery, uniq_menkaure
D:8:      serial_shops, nicolae_shop_waterfront
D:10:     nrook_guardian_serpent_snake_passage, david_lair_shrubbed,
          uniq_erolcha
D:11:     orc_0_dummy, serial_shops, nicolae_shop_stone, water_boxes_lemuel
D:12:     serial_shops, shop_statue
Temple:   regret_index_temple_sphere_string
Lair:1:   minivault_25, uniq_gastronok
Lair:2:   minmay_swamp_entry_worms, grunt_megastairs_3, serial_bayou_shore_b,
          lemuel_fruit_fields
Lair:3:   minmay_snake_entry_six_corridors, uniq_fannar
Lair:4:   forest_entry_grove, lemuel_fruit_fields
Lair:5:   minivault_11, grunt_megastairs_2, serial_bayou_shore_b
Lair:6:   hangedman_lair_caniforms_friends, dpeg_slime_entry_enclosed_altar,
          worms_lemuel
Swamp:1:  evilmike_swamp_ruin_rubble_1
Swamp:2:  serial_swamp_ruin, evilmike_swamp_ruin_rubble_2,
          evilmike_swamp_ruin_house_1, evilmike_swamp_ruin_house_3
Swamp:3:  infiniplex_staircase_pool
Swamp:4:  swamp_pestilence, swamp_pool5, uniq_donald
Orc:1:    serial_shops, shop, nicolae_for_you_no_charge
Orc:2:    st_orc_town, serial_shops, shop, uniq_maurice

Skill      XL: |  1  2  3  4  5  6  7  8  9 10 11 12 13 14 |
---------------+-------------------------------------------+-----
Axes           | 5 7 8 10 11 12 15 17 20 22 | 22.5
Armour         | 2 5 8 10 | 10.6
Fighting       | 6 8 10 12 13 | 13.6
Dodging        | 6 8 |  8.1
Stealth        | |  1.5

Action                   |  1- 3 |  4- 6 |  7- 9 | 10-12 | 13-15 || total
-------------------------+-------+-------+-------+-------+-------++-------
Melee: Hand axe          |    69 |       |       |       |       ||    69
       War axe           |    14 |    62 |    76 |       |       ||   152
       Broad axe         |       |       |   194 |    51 |       ||   245
       Battleaxe         |       |       |       |   387 |   789 ||  1176
       Dire flail        |       |       |       |       |    12 ||    12
Invok: Berserk           |     1 |     4 |     6 |     7 |    13 ||    31
       Trog's Hand       |       |     1 |     6 |    17 |    16 ||    40
       Brothers in Arms  |       |       |       |     2 |     4 ||     6
 Abil: Evoke Flight      |       |       |       |       |     1 ||     1
Evoke: Wand              |       |       |       |     2 |     2 ||     4
  Use: Scroll            |       |       |    13 |    10 |     3 ||    26
       Potion            |       |       |     2 |     3 |     7 ||    12
 Stab: Sleeping          |     3 |       |     1 |       |       ||     4
  Eat: Beef jerky        |       |     1 |     1 |       |       ||     2
       Chunk             |       |     3 |     6 |    15 |    10 ||    34
       Bread ration      |       |     1 |     1 |     2 |     1 ||     5
       Fruit             |       |       |     1 |     5 |     6 ||    12
       Meat ration       |       |       |     1 |       |     1 ||     2
       Royal jelly       |       |       |       |       |     2 ||     2
Armor: Robe              |     4 |       |       |       |       ||     4
       Leather armour    |     3 |     6 |     4 |       |       ||    13
       Scale mail        |       |       |    24 |       |       ||    24
       Ring mail         |       |       |     7 |       |       ||     7
       Plate armour      |       |       |   100 |   264 |   395 ||   759
       Swamp dragon scal |       |       |       |       |   107 ||   107
Dodge: Dodged            |    56 |    45 |    96 |   126 |   342 ||   665
